 Dungeon Crawl Stone Soup version 0.29-a0-506-ga2e7fffb44 (webtiles) character file.

Game seed: 12569740334542038947

8513 porpoise the Archer (level 11, -1/63 HPs)
             Began as a Tengu Hunter on May 29, 2022.
             Was a Priest of Hepliaklqana.
             Engulfed by a fire crab's flame (8 damage)
             ... in a Gauntlet.
             The game lasted 00:42:52 (12883 turns).

porpoise the Archer (Tengu Hunter)                 Turns: 12883, Time: 00:42:53

Health: -1/63      AC: 10    Str: 18    XL:     11   Next: 32%
Magic:  25/25      EV: 22    Int: 11    God:    Hepliaklqana [***...]
Gold:   663        SH:  5    Dex: 26    Spells: 16/16 levels left

rFire   . . .      SeeInvis .   a - +2 shortbow
rCold   . . .      Faith    .   (shield currently unavailable)
rNeg    . . .      Spirit   .   I - +0 acid dragon scales
rPois   .          Reflect  +   (helmet restricted)
rElec   .          Harm     .   F - +0 cloak
rCorr   +          Rampage  .   N - +0 pair of gloves
Will    .....      NoTele   +   (boots unavailable)
Stlth   +++++.....              e - amulet "Xafodor" {Reflect Str+7 SH+5 Stlth+}
HPRegen 0.20/turn               u - ring of Symmetry {EV+4 Dex+5}
MPRegen 0.19/turn               x - ring of magical power

@: flying quickly and evasively, quick
A: reduced essence, beak, talons 3, nimble flight
a: Renounce Religion, Recall Ancestor, Ancestor Identity, Transference


You were in a Gauntlet.
You worshipped Hepliaklqana.
Hepliaklqana was most pleased with you.
You visited 2 branches of the dungeon, and saw 12 of its levels.
You also visited: Gauntlet.

You collected 663 gold pieces.

Inventory:

Hand Weapons
 a - a +2 shortbow (weapon)
 n - a +0 dagger of protection
Missiles
 f - 14 poisoned darts
 C - a throwing net
 H - 2 silver boomerangs
 L - a boomerang of dispersal
 M - a curare-tipped dart
Armour
 l - a +1 ring mail
 o - a +2 animal skin
 F - a +0 cloak (worn)
 I - +0 acid dragon scales (worn)
 N - a +0 pair of gloves (worn)
Magical Staves
 b - a staff of air
 j - a staff of fire
 m - a staff of death
Jewellery
 e - the amulet "Xafodor" (around neck) {Reflect Str+7 SH+5 Stlth+}
   (You acquired it on level 5 of the Dungeon)

   [amulet of reflection]

   It reflects blocked missile attacks.
   Str:       It affects your strength (+7).
   SH:        It affects your SH (+5).
   Stlth:     It makes you more stealthy.
 u - the ring of Symmetry (left hand) {EV+4 Dex+5}
   (You found it on level 4 of the Dungeon)

   [ring of evasion]

   EV:        It affects your evasion (+4).
   Dex:       It affects your dexterity (+5).
 x - a ring of magical power (right hand)
 B - a ring of fire
 O - a ring of fire
Wands
 k - a wand of charming (6)
 y - a wand of mindburst (4)
 G - a wand of paralysis (3)
 Q - a wand of polymorph (4)
Scrolls
 c - 2 scrolls of immolation
 g - a scroll of enchant armour
 i - 3 scrolls of enchant weapon
 p - 2 scrolls of teleportation
 q - 2 scrolls of blinking
 s - a scroll of amnesia
 v - a scroll of magic mapping
 w - a scroll of fear
 A - 4 scrolls of vulnerability
 D - 3 scrolls of noise
 P - a scroll of identify
Potions
 d - 2 potions of brilliance
 h - a potion of heal wounds
 r - 2 potions of cancellation
 t - 2 potions of attraction
 z - 2 potions of haste
 E - a potion of magic
 J - a potion of lignification
 K - a potion of mutation


   Skills:
 - Level 9.0 Fighting
 * Level 11.4 Bows
 - Level 7.0 Armour
 + Level 4.4 Dodging
 - Level 7.0 Stealth
 - Level 3.0 Spellcasting
 - Level 3.0 Invocations
 + Level 3.3 Evocations


You had 16 spell levels left.
You didn't know any spells.
Your spell library contained the following spells:

 Spells                   Type           Power      Damage    Failure   Level
 Apportation              Tloc           2%         N/A       32%         1
 Confusing Touch          Hex            1%         N/A       69%         3
 Alistair's Intoxication  Tmut/Pois      0%         N/A       100%        5
 Yara's Violent Unravell  Hex/Tmut       0%         3d3       100%        5
 Enfeeble                 Hex            0%         N/A       100%        7


Dungeon Overview and Level Annotations

Branches:
Dungeon (11/15)            Temple (1/1) D:7            Lair (0/6) D:9
Gauntlet (1/1)
    Orc: D:9-12

Altars:
Hepliaklqana
Sif Muna
Uskayaw
Vehumet
Xom

Shops:
D:5 !

Annotations:
Gauntlet 13 transporters, 3 runed translucent doors


Innate Abilities, Weirdness & Mutations

Your life essence is reduced to manifest your ancestor. (-10% HP)
You have a beak for a mouth.
You have claws for feet.
Your magical nature lets you fly swiftly and evasively.


Message History

You kill the fire bat!
You shoot an arrow. The arrow hits the fire crab!
The fire crab is lightly wounded.
The fire crab bites you!
You are engulfed in flames!
The fire crab barely misses you.
You shoot an arrow. The arrow hits the fire crab!
The fire crab is moderately wounded.
The fire crab completely misses you. The fire crab closely misses you.
You shoot an arrow. The arrow barely misses the fire crab.
The fire crab barely misses you. The fire crab closely misses you.
You shoot an arrow. The arrow closely misses the fire crab.
The fire crab breathes flames at you. The blast of flame misses you.
You shoot an arrow. The arrow hits the fire crab!
The fire crab is heavily wounded.
You are engulfed in blazing flames.
The fire crab closely misses you. The fire crab misses you.
You shoot an arrow. The arrow hits the fire crab!
The fire crab is severely wounded.
You are engulfed in blazing flames.
The fire crab closely misses you. The fire crab misses you.
You are too injured to fight recklessly!
You are too injured to fight recklessly!
Unknown command.
Shoot: a) +2 shortbow
Press: ? - help, Q - select action, (/) - cycle Shift-Dir - straight line, f/p - fire crab
Aim: a fire crab (flame, severely wounded, 83% to hit)
You shoot an arrow.
The arrow hits the fire crab but does no damage.
The fire crab is severely wounded.
You are engulfed in blazing flames.
* * * LOW HITPOINT WARNING * * *
You block the fire crab's attack. The fire crab barely misses you.
Shoot: a) +2 shortbow
Press: ? - help, Q - select action, (/) - cycle Shift-Dir - straight line, f/p - fire crab
Aim: a fire crab (severely wounded, 83% to hit)
You shoot an arrow. The arrow hits the fire crab.
The fire crab is severely wounded.
You are engulfed in blazing flames.
You die...

##≈......................
##...#########...#######
##≈...#.......#.8.#..##..
#≈≈∩..#.#+###.#...#5#...#
##≈...#.#..§#[#####.#..#.
##..©#.#.©≈#©#©.©#..#©#.
##≈...#.#..§#.#...#..#5.#
#≈≈∩..#t#'###$#...###...#
##≈...#.@.....#8©8#3..##.
##...###################
##≈......................
#≈≈≈#≈≈≈#≈≈≈#≈≈≈#≈≈≈#≈≈≈#
##≈###≈###≈###≈###≈###≈##
### ### ### ### ### ### #
#


You could see a fire crab.

Vanquished Creatures
  A boulder beetle (D:11)
  A kobold demonologist (D:11)
  Grinder (D:5)
  A hornet (D:10)
  2 trolls
  Sigmund (D:2)
  3 shadows
  5 yaks
  2 wyverns
  3 fire bats (Gauntlet)
  2 acid dragons (D:9)
  3 water moccasins
  Pargi (D:3)
  5 orc warriors
  2 ice beasts
  A sky beast (D:8)
  A centaur (D:7)
  An ogre (D:3)
  2 phantoms
  2 kobold brigands
  A necrophage (D:7)
  A gnoll sergeant (D:10)
  A scorpion (D:5)
  4 bullfrogs (D:7)
  4 wights (D:8)
  11 killer bees
  6 howler monkeys
  4 hounds
  4 jellies
  7 orc priests
  2 iguanas
  Ijyb (D:5)
  2 orc wizards
  Terence (D:3)
  Robin (D:2)
  5 gnolls
  6 adders
  A shadow imp (D:8)
  A worm (D:2)
  5 dart slugs
  23 orcs
  8 ball pythons
  7 endoplasms
  3 giant cockroaches
  18 goblins
  8 hobgoblins
  4 jackals (D:2)
  29 kobolds
  8 quokkas
  2 bats
  3 frilled lizards (D:1)
  10 rats
231 creatures vanquished.

Vanquished Creatures (collateral kills)
  A troll (D:10)
  A yak (D:10)
  A wyvern (D:9)
  2 killer bees (D:10)
  A howler monkey (D:9)
  2 orc wizards
  2 gnolls (D:10)
  3 orcs
13 creatures vanquished.

Vanquished Creatures (others)
  2 fungi (Gauntlet)
  45 plants
47 creatures vanquished.

Grand Total: 291 creatures vanquished

Notes
Turn   | Place    | Note
-------+----------+-------------------------------------------
     0 | D:1      | porpoise the Tengu Hunter began the quest for the Orb.
     0 | D:1      | Reached XP level 1. HP: 12/12 MP: 2/2
   205 | D:1      | Reached XP level 2. HP: 18/18 MP: 3/3
   531 | D:1      | Reached XP level 3. HP: 22/22 MP: 4/4
   554 | D:1      | Reached skill level 5 in Bows
  1053 | D:2      | Noticed Robin
  1056 | D:2      | Reached XP level 4. HP: 27/28 MP: 5/5
  1067 | D:2      | Killed Robin
  1283 | D:2      | Found a faded altar of an unknown god.
  1304 | D:2      | Noticed Sigmund
  1316 | D:2      | Killed Sigmund
  1317 | D:2      | Reached skill level 6 in Bows
  1317 | D:2      | Gained mutation: Your magical nature lets you fly swiftly
                  | and evasively. [Tengu growth]
  1317 | D:2      | Reached XP level 5. HP: 29/34 MP: 6/6
  1317 | D:2      | Reached XP level 6. HP: 33/39 MP: 7/7
  1417 | D:2      | Found a hide-covered altar of Uskayaw.
  2242 | D:3      | Noticed Terence
  2258 | D:3      | Killed Terence
  2896 | D:3      | Noticed Pargi
  2909 | D:3      | Killed Pargi
  2910 | D:3      | Reached skill level 5 in Fighting
  2910 | D:3      | Reached skill level 7 in Bows
  3033 | D:3      | Reached XP level 7. HP: 44/44 MP: 8/8
  3646 | D:4      | Identified the ring of Symmetry {EV+4 Dex+5}
  3795 | D:5      | Entered Level 5 of the Dungeon
  3824 | D:5      | Noticed Ijyb
  3836 | D:5      | Reached skill level 8 in Bows
  4203 | D:5      | Identified a scroll of acquirement
  4203 | D:5      | Acquired the amulet "Xafodor" {Reflect Str+7 SH+5 Stlth+}
  4229 | D:5      | Killed Ijyb
  4326 | D:5      | Found Dexac's Distillery.
  4363 | D:5      | Reached XP level 8. HP: 42/51 MP: 9/9
  4612 | D:5      | Noticed Grinder
  4620 | D:5      | Killed Grinder
  5742 | D:6      | Reached skill level 9 in Bows
  6291 | D:6      | Reached XP level 9. HP: 56/56 MP: 10/10
  6679 | D:7      | Found a radiant altar of Vehumet.
  6732 | D:7      | Reached skill level 5 in Stealth
  6743 | D:7      | Found a staircase to the Ecumenical Temple.
  6759 | D:7      | Reached skill level 10 in Bows
  7116 | D:7      | Reached skill level 1 in Armour
  7683 | Temple   | Entered the Ecumenical Temple
  7708 | Temple   | Became a worshipper of Hepliaklqana the Forgotten
  8501 | D:8      | Reached XP level 10. HP: 36/65 MP: 11/11
  9051 | D:9      | Reached skill level 5 in Armour
 10258 | D:9      | Reached * piety under Hepliaklqana
 10268 | D:9      | Reached skill level 1 in Invocations
 10406 | D:9      | Found a staircase to the Lair.
 10424 | D:9      | Reached skill level 1 in Spellcasting
 11168 | D:10     | Entered Level 10 of the Dungeon
 11278 | D:10     | Reached ** piety under Hepliaklqana
 11279 | D:10     | Remembered your ancestor Nikki as a knight
 11370 | D:10     | Reached skill level 1 in Evocations
 11613 | D:10     | Reached XP level 11. HP: 62/63 MP: 16/16
 12225 | D:11     | Noticed a boulder beetle
 12252 | D:11     | Killed a boulder beetle
 12253 | D:11     | Reached skill level 11 in Bows
 12421 | D:11     | Reached *** piety under Hepliaklqana
 12440 | D:11     | Found a gate leading to a gauntlet.
 12441 | D:11     | Noticed a green ugly thing
 12446 | Gauntlet | Entered a Gauntlet
 12446 | Gauntlet | Found a transporter.
 12446 | Gauntlet | Found a runed translucent door.
 12453 | Gauntlet | Noticed a fire crab
 12499 | Gauntlet | Found a runed translucent door.
 12506 | Gauntlet | Found a transporter.
 12510 | Gauntlet | Found a transporter.
 12512 | Gauntlet | Noticed a sixfirhy
 12521 | Gauntlet | Found a transporter.
 12522 | Gauntlet | Found a transporter.
 12528 | Gauntlet | Found a runed translucent gate.
 12528 | Gauntlet | Found a runed translucent gate.
 12528 | Gauntlet | Found a runed translucent gate.
 12529 | Gauntlet | Noticed a hell beast
 12530 | Gauntlet | Found a transporter.
 12534 | Gauntlet | Found a transporter.
 12542 | Gauntlet | Found a transporter.
 12542 | Gauntlet | Noticed a catoblepas
 12546 | Gauntlet | Found a transporter.
 12548 | Gauntlet | Noticed a ghost crab
 12559 | Gauntlet | Found a transporter.
 12587 | Gauntlet | Found a transporter.
 12599 | Gauntlet | Found a transporter.
 12612 | Gauntlet | Found a transporter.
 12625 | Gauntlet | Found a transporter.
 12883 | Gauntlet | Engulfed by a fire crab's flame

Illustrated notes

Levels and vault maps discovered:
D:1:      lemuel_arrival_tunnels, layout_rooms, minmay_3d_cube
D:2:      layout_loops_ring, basic_altar, shapermc_ecumenical_altar_notcrosses,
          uniq_sigmund, uniq_robin
D:3:      wad_woods_tower, layout_loops_corners,
          hangedman_abyss_or_decor_lesser_grid, minmay_ogre_servants,
          uniq_pargi, uniq_terence
D:4:      layout_rooms
D:5:      kennysheep_kobold_camp, layout_loops_corners, minmay_misc_feat_rugged,
          nicolae_take_the_stairs, st_stairs_4, kennysheep_pointless_box,
          uniq_grinder, uniq_ijyb
D:6:      layout_loops_ring
D:7:      layout_basic, mainiacjoe_overflow_alcove_1,
          minmay_temple_entry_overgrown
D:8:      layout_gridville, nicolae_two_hexagons
D:9:      layout_irregular_city, lair_entry_dummy
D:10:     layout_stronghold, item_on_display_a
D:11:     layout_irregular_city, gauntlet_entry_generic
Temple:   mainiacjoe_temple_hex_bubbles
Gauntlet: gammafunk_gauntlet_77_escape_option
          [minmay_gauntlet_arena_77_shame_cube,
          minmay_gauntlet_arena_77_squiggly,
          minmay_gauntlet_arena_77_run_for_it, minmay_gauntlet_arena_77_museum,
          minmay_gauntlet_arena_77_p_blocks,
          nicolae_gauntlet_exit_dead_adventurers]

Skill      XL: |  1  2  3  4  5  6  7  8  9 10 11 |
---------------+----------------------------------+-----
Bows           | 5 6 7 8 9 10 11 | 11.4
Fighting       | 3 4 5 6 8 9 |  9.0
Stealth        | 3 4 7 |  7.0
Armour         | 4 7 |  7.0
Invocations    | 3 |  3.0
Spellcasting   | 3 |  3.0
Evocations     | 1 3 |  3.3
Dodging        | 3 4 |  4.4

Action                   |  1- 3 |  4- 6 |  7- 9 | 10-12 || total
-------------------------+-------+-------+-------+-------++-------
Melee: Dagger            |       |       |    17 |     4 ||    21
       Kick              |       |       |    59 |       ||    59
       Peck              |       |       |    28 |       ||    28
       Staff             |       |       |    76 |       ||    76
 Fire: Shortbow          |    96 |   123 |   343 |   265 ||   827
Invok: Recall Ancestor   |       |       |       |     1 ||     1
       Ancestor Life: Kn |       |       |       |     1 ||     1
       Ancestor Identity |       |       |       |     1 ||     1
Evoke: Wand              |       |       |     2 |    10 ||    12
  Use: Potion            |     2 |       |     5 |     1 ||     8
       Scroll            |       |       |    15 |     8 ||    23
 Stab: Paralysed         |       |       |       |     4 ||     4
Armor: Leather armour    |     2 |       |       |       ||     2
       Ring mail         |     5 |    15 |    42 |    15 ||    77
       Acid dragon scale |       |       |       |     8 ||     8
Dodge: Dodged            |    23 |    52 |   162 |   106 ||   343
Block: Other             |       |       |    32 |    25 ||    57
       Reflection        |       |       |     5 |       ||     5

Table legend: (Time is in decaauts)
 A = Elapsed time spent in this place.
 B = Non-inter-level travel time spent in this place.
 C = Inter-level travel time spent in this place.
 D = Time resting spent in this place.
 E = Time spent auto-exploring this place.
 F = Levels seen in this place.
 G = Mean time per level.
                   A        B        C        D        E       F      G
               +--------+--------+--------+--------+--------+-----+--------+
         Total |  12409 |  11983 |    426 |   4113 |   5889 |  13 |  954.5 |
       Dungeon |  11954 |  11542 |    412 |   4061 |   5750 |  11 | 1086.7 |
        Temple |     37 |     23 |     14 |      0 |     18 |   1 |   37.0 |
      Gauntlet |    418 |    418 |      0 |     52 |    120 |   1 |  418.0 |
               +--------+--------+--------+--------+--------+-----+--------+

Top non-repeatable levels by time:
     D:8: 1859 daAuts
     D:5: 1836 daAuts
     D:3: 1478 daAuts
     D:9: 1474 daAuts
     D:2: 1013 daAuts
     D:7: 1004 daAuts
    D:10: 929 daAuts
     D:6: 853 daAuts
     D:1: 803 daAuts
     D:4: 423 daAuts
Gauntlet: 418 daAuts
    D:11: 277 daAuts
  Temple: 37 daAuts
